 Dungeon Crawl Stone Soup version 0.27-a0-460-g297a19dbdb (webtiles) character file.

Game seed: 7148753417340531947

275 Anon1729 the Skirmisher (level 6, 0/53 HPs)
             Began as a Ghoul Fighter on Feb 28, 2021.
             Splashed by a jelly's acid (8 damage)
             ... on level 7 of the Dungeon.
             The game lasted 00:03:52 (3398 turns).

Anon1729 the Skirmisher (Ghoul Fighter)             Turns: 3398, Time: 00:03:53

Health: 0/53       AC:  8    Str: 21    XL:     6   Next: 25%
Magic:  5/5        EV:  7    Int: 10    God:
Gold:   116        SH:  9    Dex: 14    Spells: 5/5 levels left

rFire    . . .     SeeInvis .   a - +0 war axe
rCold    + . .     Faith    .   c - +0 kite shield
rNeg     + + +     Spirit   .   u - +1 scale mail {Will+}
rPois    ∞         Reflect  .   (no helmet)
rElec    .         Harm     .   (no cloak)
rCorr    .         Rampage  .   (no gloves)
Will     +....                  (no boots)
Stlth    ..........             (no amulet)
HPRegen  0.00/turn              m - +6 ring of dexterity
MPRegen  0.09/turn              b - +6 ring of intelligence

@: no status effects
A: claws 1, cold resistance 1, negative energy resistance 3, inhibited
regeneration, torment resistance, unbreathing
a: no special abilities


You were on level 7 of the Dungeon.
You visited 1 branch of the dungeon, and saw 5 of its levels.

You collected 116 gold pieces.

Inventory:

Hand Weapons
 a - a +0 war axe (weapon)
Missiles
 w - 17 stones (quivered)
Armour
 c - a +0 kite shield (worn)
 u - a +1 scale mail of willpower (worn)
Jewellery
 b - a +6 ring of intelligence (right claw)
 m - a +6 ring of dexterity (left claw)
 v - a ring of poison resistance
Wands
 s - a wand of mindburst (6)
Scrolls
 f - 3 scrolls of fog {unknown}
 h - 2 scrolls of magic mapping {unknown}
 i - a scroll of identify {unknown}
 j - a scroll of random uselessness {unknown}
 n - a scroll of fear {unknown}
 o - 2 scrolls of amnesia {unknown}
 p - a scroll of enchant armour {unknown}
 q - 2 scrolls of immolation {unknown}
 r - a scroll of blinking {unknown}
Potions
 d - a potion of might
 e - a potion of curing {unknown}
 g - a potion of haste {unknown}
 k - a potion of heal wounds
 l - a potion of flight {unknown}
 t - 2 potions of invisibility {unknown}


   Skills:
 + Level 4.4 Fighting
 * Level 3.7 Axes
 + Level 3.7 Armour
 - Level 0.3 Dodging
 + Level 3.6 Shields


You had 5 spell levels left.
You didn't know any spells.
Your spell library was empty.

Dungeon Overview and Level Annotations

Branches:
Dungeon (7/15)
 Temple: D:4-7

Altars:
Gozag
Kikubaaqudgha
Ru

Annotations:
D:6 3 runed translucent doors, Menkaure; Pikel; ma3's ghost, novice DrIE


Innate Abilities, Weirdness & Mutations

You thrive by killing the living.
You are immune to poison.
You have sharp fingernails.
Your flesh is cold resistant. (rC+)
You are immune to negative energy. (rN+++)
You do not regenerate when monsters are visible.
You are immune to unholy pain and torment.
You can survive without breathing.


Message History

Pikel struggles to resist.
Pikel hits you but does no damage.
You are electrocuted!
* * * LOW HITPOINT WARNING * * *
Ma3's ghost wails, "You will never get the ORB!"
Press: ? - help, v - describe, . - travel
Here: Pikel, wielding a +2 whip of electrocution and wearing a +0 robe (moderately wounded)
The floor.
Unknown command.
Pikel says, "Time is money, and you're costing me too much!"
There is a stone staircase leading down here.
You climb downwards.
Found 17 stones and 6 gold pieces.
Found a stone staircase leading up.
There is a stone staircase leading up here.
You start resting.
A jelly comes into view.
The jelly quivers.
There is a stone staircase leading up here.
You see here 17 stones.
w - 17 stones
Found a mace.
A hound skeleton comes into view.
You slash the hound skeleton!
The hound skeleton is heavily damaged.
The hound skeleton closely misses you. The hound skeleton barely misses you.
You hit the hound skeleton.
The hound skeleton is severely damaged.
You hit the jelly.
Your claws burn!
* * * LOW HITPOINT WARNING * * *
The hound skeleton barely misses you. The jelly hits you but does no damage.
The hound skeleton bites you but does no damage.
Unknown command.
You hit the hound skeleton.
The hound skeleton is severely damaged.
You hit the jelly.
Your claws burn!
* * * LOW HITPOINT WARNING * * *
The hound skeleton barely misses you. The jelly barely misses you.
You block the hound skeleton's attack. The jelly hits you.
* * * LOW HITPOINT WARNING * * *
You are splashed with acid!
You die...

#.... #.# #....##
#)# #.....# #.#
#.....# # ...
#..... .##. #.#
.###...##$... #.#
...........<. #Z#
#..J.....
#@########.<###...
#.J.........# .
##########.## #.#
#.# #.# #.. ###


You could see a jelly and a hound skeleton.

Vanquished Creatures
  A phantom (D:6)
  An orc priest (D:3)
  6 adders
  A worm (D:3)
  A dart slug (D:2)
  A leopard gecko (D:1)
  11 orcs (D:3)
  7 bats
  5 bat skeletons (D:2)
  2 bat zombies (D:2)
  5 giant cockroaches
  16 goblins
  10 hobgoblins
  3 jackals (D:1)
  A ball python (D:1)
  2 frilled lizards
  16 kobolds
  10 rats
99 creatures vanquished.

Vanquished Creatures (others)
  15 plants (D:1)
15 creatures vanquished.

Grand Total: 114 creatures vanquished

Notes
Turn   | Place    | Note
-------+----------+-------------------------------------------
     0 | D:1      | Anon1729 the Ghoul Fighter began the quest for the Orb.
     0 | D:1      | Reached XP level 1. HP: 19/19 MP: 0/0
   305 | D:1      | Reached XP level 2. HP: 18/26 MP: 1/1
   789 | D:1      | Reached XP level 3. HP: 33/33 MP: 2/2
  1523 | D:2      | Found a sacrificial altar of Ru.
  1680 | D:2      | Reached XP level 4. HP: 40/40 MP: 3/3
  1955 | D:2      | Found an ancient bone altar of Kikubaaqudgha.
  2125 | D:3      | Reached skill level 4 in Fighting
  2208 | D:3      | Reached XP level 5. HP: 41/46 MP: 4/4
  3070 | D:3      | You fall into a shaft and drop 3 floors!
  3071 | D:6      | Noticed a phantom
  3080 | D:6      | Killed a phantom
  3081 | D:6      | Reached XP level 6. HP: 40/53 MP: 5/5
  3233 | D:6      | Found a runed translucent gate.
  3234 | D:6      | Found a runed translucent gate.
  3234 | D:6      | Found a runed translucent gate.
  3235 | D:6      | Found an opulent altar of Gozag.
  3236 | D:6      | Noticed ma3's ghost (novice DrIE)
  3259 | D:6      | Noticed Pikel
  3268 | D:6      | Noticed Menkaure
  3398 | D:7      | Splashed by a jelly's acid

Illustrated notes

Levels and vault maps discovered:
D:1:      roderic_octagonal_star, layout_loops_ring, serial_rivers,
          chequers_serial_rivers_large_b, chequers_serial_rivers_large_a,
          chequers_serial_rivers_micro_d, chequers_serial_rivers_micro_e,
          chequers_serial_rivers_micro_b, serial_bayou_lagoon_a,
          minmay_misc_feat_ornament, minmay_tall_x
D:2:      layout_basic, kennysheep_vampire_church, nicolae_ru_awakened_eye
D:3:      layout_basic, roderic_roman_lattice
D:6:      layout_loops_ring, minmay_temple_entry_enclosed_plants,
          ebering_ghost_gozag, kennysheep_big_empty_room,
          minmay_misc_feat_diagonals, uniq_pikel, uniq_sigmund, uniq_menkaure
D:7:      minmay_octagon_keep, layout_loops_ring

Skill      XL: |  1  2  3  4 |
---------------+-------------+-----
Armour         | 3 |  3.7
Axes           | 2 3 |  3.7
Shields        | 3 |  3.6
Fighting       | 4 |  4.4
Dodging        | |  0.3

Action                   |  1- 3 |  4- 6 || total
-------------------------+-------+-------++-------
Melee: War axe           |   115 |   201 ||   316
Evoke: Wand              |       |     4 ||     4
Armor: Scale mail        |    58 |   113 ||   171
Dodge: Dodged            |    37 |    78 ||   115
Block: Kite shield       |    65 |   116 ||   181

Table legend: (Time is in decaauts)
 A = Elapsed time spent in this place.
 B = Non-inter-level travel time spent in this place.
 C = Inter-level travel time spent in this place.
 D = Time resting spent in this place.
 E = Time spent auto-exploring this place.
 F = Levels seen in this place.
 G = Mean time per level.
                   A        B        C        D        E       F      G
               +--------+--------+--------+--------+--------+-----+--------+
         Total |   3661 |   3638 |     23 |    293 |   2535 |   5 |  732.2 |
       Dungeon |   3661 |   3638 |     23 |    293 |   2535 |   5 |  732.2 |
               +--------+--------+--------+--------+--------+-----+--------+

Top non-repeatable levels by time:
     D:1: 1556 daAuts
     D:3: 1064 daAuts
     D:2: 705 daAuts
     D:6: 242 daAuts
     D:7: 91 daAuts
